 Dungeon Crawl Stone Soup version 0.19-a0-994-g3c636f0 (webtiles) character file.

9363 Goblin1989 the Cruncher (level 11, -6/67 HPs)
             Began as a Gargoyle Gladiator on July 16, 2016.
             Was a Priest of Hepliaklqana.
             Mangled by a large slime creature (26 damage)
             ... on level 10 of the Dungeon.
             The game lasted 00:32:45 (9674 turns).

Goblin1989 the Cruncher (Gargoyle Gladiator)        Turns: 9674, Time: 00:32:46

Health: -6/67      AC: 23    Str: 18    XL:     11   Next: 45%
Magic:  20/20      EV: 12    Int: 10    God:    Hepliaklqana [***...]
Gold:   484        SH:  0    Dex: 13    Spells: 1 memorised, 9 levels left

rFire  . . .     SeeInvis +     a - +1 quarterstaff
rCold  . . .     Gourm    .     e - +0 ring mail
rNeg   + . .     Faith    .     (shield currently unavailable)
rPois  ∞         Spirit   .     c - +0 helmet
rElec  +         Dismiss  .     j - +0 cloak
rCorr  .         Reflect  .     p - +2 pair of gloves
SustAt .         Harm     +     b - +0 pair of boots
MR     .....                    m - amulet of harm
Stlth  +.........               l - ring of see invisible {sInv, !d}
                                r - ring of magical power {MP+9}

@: not resistant to hostile enchantments, very unstealthy
A: icy blue scales 1, negative energy resistance 1, electricity resistance,
unbreathing, petrification resistance, rot immunity, AC +7
a: Recall Ancestor, Ancestor Identity, Transference, Renounce Religion


You were on level 10 of the Dungeon.
You worshipped Hepliaklqana.
Hepliaklqana was most pleased with you.
You were not hungry.

You visited 1 branch of the dungeon, and saw 10 of its levels.

You collected 484 gold pieces.

Inventory:

Hand Weapons
 a - a +1 quarterstaff (weapon)
Missiles
 d - 2 throwing nets (quivered) {=f, !d}
 g - 5 javelins
Armour
 b - a +0 pair of boots (worn)
 c - a +0 helmet (worn)
 e - a +0 ring mail (worn)
 j - a +0 cloak (worn)
 p - a +2 pair of gloves (worn)
 N - a troll hide {regen}
Jewellery
 l - a ring of see invisible (right hand) {sInv, !d}
 m - an amulet of harm (around neck)
 r - a ring of magical power (left hand) {MP+9}
Wands
 t - a wand of enslavement (11/24)
 w - a wand of disintegration (20/24)
 z - a wand of random effects (9/48)
 D - a wand of disintegration (20/24)
 J - a wand of iceblast (1/15)
Scrolls
 h - a scroll of amnesia
 i - 5 scrolls of identify
 k - 3 scrolls of recharging
 q - a scroll of teleportation
 u - 2 scrolls of enchant weapon
 x - a scroll of fog
 y - 4 scrolls of remove curse
 B - a scroll of fear
 C - 2 scrolls of magic mapping {!r}
 E - a scroll of vulnerability {!r!r}
 M - 2 scrolls of noise {!r}
Potions
 n - 4 potions of curing
 v - a potion of agility
 A - 2 potions of heal wounds
 F - a potion of mutation {!q}
 K - 2 potions of flight
Comestibles
 f - 5 bread rations
 s - 7 meat rations
 H - 15 fruits
 I - 6 slices of pizza
 L - a beef jerky


   Skills:
 + Level 7.3 Fighting
 * Level 13.7 Staves
 - Level 1.7 Throwing
 * Level 9.4 Armour
 - Level 2.4 Dodging


You had 9 spell levels left.
You knew the following spells:

 Your Spells              Type           Power        Failure   Level  Hunger
a - Apportation           Tloc           #.........   63%         1    ##.....


Dungeon Overview and Level Annotations

Branches:
Dungeon (10/15)            Temple (0/1) D:7
   Lair: D:8-11         Orc: D:9-12

Altars:
Ashenzari
Fedhas
Hepliaklqana
Kikubaaqudgha
Nemelex Xobeh
Okawaru
Qazlal
Ru
Trog
Vehumet
Xom
Yredelemnul
Zin
The Shining One

Shops:
D:9 !   D:10 :

Annotations:
D:2 1 runed door
D:3 tstbtto's ghost, amateur MfGl


Innate Abilities, Weirdness & Mutations

You are resistant to torment.
Your stone body is resilient. (AC +7)
You are immune to poison.
You resist negative energy. (rN+)
You are resistant to electric shocks. (rElec)
You can survive without breathing.
You are immune to petrification.
You are immune to rotting.
You are partially covered in icy blue scales. (AC +1)


Message History

You are too injured to fight recklessly!
You are too injured to fight recklessly!
You are too injured to fight recklessly!
You are too injured to fight recklessly!
You are too injured to fight recklessly!
You are too injured to fight recklessly!
You are too injured to fight recklessly!
You are too injured to fight recklessly!
You are too injured to fight recklessly!
You are too injured to fight recklessly!
You are too injured to fight recklessly!
You are too injured to fight recklessly!
You are too injured to fight recklessly!
You are too injured to fight recklessly!
Kendra hits the large slime creature with a flail!
You see here an adder skeleton.
You see here a quarterstaff.
You see here 20 stones.
The large slime creature hits you!!
You die...

####### #.....# #.....#
####### #.....###
#.....#
######.......#####..<..#
..<....@J.....)).)......
######..R..#######.....#
#.....# #.....# ##)####
####### ####÷# ##....# #
.## ##..#### . ...#
#..## ### ...##.## ##..


You could see the friendly Kendra the knight and a large slime creature.

Vanquished Creatures
  A naga warrior (D:9)
  A hydra (D:8)
  A hill giant (D:9)
  Joseph (D:9)
  A troll (D:9)
  Grinder (D:4)
  2 slime creatures (D:10)
  A two-headed ogre (D:9)
  2 yaks (D:8)
  A wyvern (D:9)
  2 hippogriffs (D:8)
  3 orc warriors
  2 sky beasts
  2 ogres
  4 necrophages (D:7)
  2 wolves (D:9)
  A centaur (D:7)
  3 big kobolds
  4 giant frogs
  3 wights (D:10)
  6 howler monkeys
  3 crimson imps
  3 giant frog zombies
  A quasit (D:10)
  5 orc priests
  A centaur skeleton (D:6)
  4 hounds
  2 jellies (D:7)
  10 orc wizards
  4 iguanas
  5 worker ants
  A sheep (D:8)
  A hound skeleton (D:9)
  6 gnolls (D:6)
  9 adders
  A shadow imp (D:5)
  An adder skeleton (D:4)
  A worm (D:2)
  2 dart slugs
  5 giant geckos
  35 orcs
  A ball python (D:6)
  15 giant cockroaches
  3 goblins
  7 hobgoblins
  21 jackals
  2 quokkas
  A ball python zombie (D:5)
  8 bats
  A giant gecko zombie (D:7)
  4 giant newts
  2 jackal skeletons
  12 kobolds
  3 quokka zombies
  5 rats
  A plant (D:7)
230 creatures vanquished.

Vanquished Creatures (collateral kills)
  A hill giant (D:10)
  A slime creature (D:10)
  A hungry ghost (D:9)
  Grum (D:9)
  A black bear (D:9)
  An ice beast (D:9)
  A wolf (D:9)
  2 ogres (D:9)
  A necrophage (D:9)
  A big kobold (D:8)
  A wight (D:10)
  A howler monkey (D:10)
  A wasp zombie (D:6)
  An orc priest (D:7)
  A centaur skeleton (D:7)
  2 orc wizards
  2 iguanas
  3 worker ants
  A sheep (D:8)
  A gnoll (D:6)
  An adder (D:5)
  6 orcs
  4 jackals
  2 kobolds
  A quokka (D:8)
  A spectral orc (D:9)
  A bush (D:7)
  2 butterflies (D:5)
43 creatures vanquished.

Vanquished Creatures (others)
  A wyvern skeleton (D:9)
  A knight (D:9)
  An ancestor (D:6)
  10 plants
13 creatures vanquished.

Grand Total: 286 creatures vanquished

Notes
Turn   | Place    | Note
-------+----------+-------------------------------------------
     0 | D:1      | Goblin1989 the Gargoyle Gladiator began the quest for the Orb.
     0 | D:1      | Reached XP level 1. HP: 12/12 MP: 1/1
   356 | D:1      | Reached XP level 2. HP: 17/17 MP: 2/2
   805 | D:1      | Reached skill level 4 in Staves
   966 | D:2      | Reached XP level 3. HP: 17/21 MP: 3/3
  1416 | D:2      | Reached XP level 4. HP: 16/26 MP: 4/4
  1739 | D:2      | Found a runed door.
  1834 | D:3      | Reached skill level 5 in Staves
  2132 | D:3      | Noticed tstbtto's ghost (amateur MfGl)
  2340 | D:3      | Noticed a giant frog
  2357 | D:3      | Killed a giant frog
  2357 | D:3      | Reached skill level 6 in Staves
  2357 | D:3      | Reached XP level 5. HP: 25/30 MP: 5/5
  2759 | D:4      | Noticed Grinder
  2763 | D:4      | Gained mutation: You are partially covered in icy blue scales. (AC +1) [potion of beneficial mutation]
  2802 | D:4      | Killed Grinder
  2802 | D:4      | Reached skill level 7 in Staves
  2802 | D:4      | Reached XP level 6. HP: 15/35 MP: 6/6
  3029 | D:4      | Found a radiant altar of Vehumet.
  3111 | D:4      | Reached XP level 7. HP: 38/40 MP: 7/7
  3398 | D:4      | Reached skill level 8 in Staves
  3671 | D:4      | Found a shattered altar of Ashenzari.
  3672 | D:4      | Found a hazy altar of Hepliaklqana.
  3773 | D:4      | Became a worshipper of Hepliaklqana
  3794 | D:5      | Entered Level 5 of the Dungeon
  3878 | D:5      | Reached skill level 9 in Staves
  3917 | D:5      | Found a shimmering altar of Xom.
  4111 | D:5      | Learned a level 1 spell: Apportation
  4154 | D:5      | Reached XP level 8. HP: 39/44 MP: 8/8
  4188 | D:5      | Found a glowing golden altar of the Shining One.
  4450 | D:6      | Reached skill level 10 in Staves
  4719 | D:6      | Found a bloodstained altar of Trog.
  4730 | D:6      | Found a basalt altar of Yredelemnul.
  4732 | D:6      | Reached * piety under Hepliaklqana
  5358 | D:6      | Found an ancient bone altar of Kikubaaqudgha.
  5755 | D:7      | Reached skill level 11 in Staves
  5836 | D:7      | Found a sparkling altar of Nemelex Xobeh.
  5901 | D:7      | Got a crude leather armour
  5912 | D:7      | Identified the +1 leather armour "Xyulyut" {Int+2} (You found it on level 7 of the Dungeon)
  5948 | D:7      | Reached ** piety under Hepliaklqana
  5949 | D:7      | Remembered your ancestor Kendra as a knight
  5992 | D:7      | Found a stormy altar of Qazlal.
  6026 | D:7      | Reached skill level 1 in Armour
  6026 | D:7      | Reached XP level 9. HP: 46/49 MP: 9/9
  6075 | D:7      | Found a staircase to the Ecumenical Temple.
  6089 | D:7      | Found a blossoming altar of Fedhas.
  6391 | D:7      | Found a sacrificial altar of Ru.
  6755 | D:8      | Got a jewelled leather armour
  6766 | D:8      | Identified the +1 leather armour "Wunlucis" {Int+4} (You found it on level 8 of the Dungeon)
  6827 | D:8      | Found a glowing silver altar of Zin.
  6910 | D:8      | Reached skill level 12 in Staves
  7278 | D:8      | Reached skill level 5 in Armour
  7285 | D:8      | Reached XP level 10. HP: 49/58 MP: 10/10
  7326 | D:8      | Noticed a two-headed hydra
  7333 | D:8      | Killed a two-headed hydra
  7333 | D:8      | Reached skill level 5 in Fighting
  7394 | D:9      | Found Derhana's Distillery.
  7403 | D:9      | Noticed Joseph
  7432 | D:9      | Killed Joseph
  7470 | D:9      | Found a large runed door.
  7470 | D:9      | Found a large runed door.
  7478 | D:9      | Noticed a naga warrior
  7592 | D:9      | Noticed a centaur warrior
  7694 | D:9      | Found a basalt altar of Yredelemnul.
  7835 | D:9      | Reached *** piety under Hepliaklqana
  7888 | D:9      | Noticed Grum
  7914 | D:9      | Killed Grum
  7914 | D:9      | Reached skill level 13 in Staves
  8496 | D:9      | Noticed a hill giant
  8507 | D:9      | Killed a hill giant
  8507 | D:9      | Reached XP level 11. HP: 40/66 MP: 11/11
  8788 | D:9      | Noticed a hill giant
  8790 | D:9      | Noticed a naga warrior
  8793 | D:9      | Found an iron altar of Okawaru.
  8794 | D:9      | Found an iron altar of Okawaru.
  8815 | D:9      | Killed a naga warrior
  8818 | D:9      | HP: 2/66 [hill giant/giant club (31)]
  8822 | D:10     | Entered Level 10 of the Dungeon
  9141 | D:10     | Noticed a hill giant
  9154 | D:10     | Killed a hill giant
  9259 | D:10     | Found Xirouwn's Book Shop.
  9674 | D:10     | Mangled by a large slime creature

Vault maps used:
D:1:      nagdon_arrival_zigzag_paths
D:2:      uniq_crazy_yiuf_cottage
D:3:      minmay_roachtagon
D:4:      fiery_altar_vehumet, gammafunk_temple_overflow_statue, st_stairs_5,
          uniq_grinder
D:5:      kennysheep_mini_moat, xom_butterflies, first_bread
D:6:      kiku_gazebo_pond_becter, marbit_many_paths, basic_altar
D:7:      nemelex_altar_shiori, nicolae_ru_the_path_less_chosen,
          fedhas_altar_decomposition, grunt_qazlal_clouds
D:8:      lemuel_crystal_altar, hangedman_ranch
D:9:      okawaru_arena_lexackson, yredelemnul_forgotten_temple_becter,
          serial_shops, nicolae_shop_waterfront, uniq_joseph, uniq_grum
D:10:     david_orc_3, serial_shops, shop, shop,
          nicolae_shop_overgrown_old_shop, shop, shop, basic_altar

Skill      XL: |  1  2  3  4  5  6  7  8  9 10 11 |
---------------+----------------------------------+-----
Staves         | 4 6 7 9 11 12 13 | 13.7
Armour         | 1 5 8 9 |  9.4
Fighting       | 4 6 7 |  7.3
Throwing       | |  1.7
Dodging        | |  2.4

Action                   |  1- 3 |  4- 6 |  7- 9 | 10-12 || total
-------------------------+-------+-------+-------+-------++-------
Melee: Quarterstaff      |   116 |   133 |   468 |   284 ||  1001
Throw: Throwing net      |       |     2 |       |       ||     2
       Javelin           |       |     1 |       |       ||     1
Invok: Ancestor Life: Kn |       |       |     1 |       ||     1
Evoke: Wand              |       |       |     1 |       ||     1
  Use: Potion            |       |     5 |     2 |     1 ||     8
       Scroll            |       |       |     9 |     7 ||    16
 Stab: Held in net/web   |       |     1 |       |       ||     1
       Distracted        |       |       |     1 |     1 ||     2
  Eat: Chunk             |     2 |     3 |    10 |     8 ||    23
       Meat ration       |       |     1 |       |       ||     1
       Beef jerky        |       |       |       |     1 ||     1
Armor: Ring mail         |    50 |    75 |   208 |   102 ||   435
Dodge: Dodged            |    77 |   100 |   205 |   152 ||   534
